AoeStats
← dodosh

Hideout

509429028Analyzed
1v1 RM · 4d ago on Sep 26, 2026· 44m 53s· 2 players
Game mode
Random Map
Map size
Tiny (2 player)
Population
200
Speed
Normal
Resources
Standard
Victory
Conquest
Starting age
Dark Age
Ending age
Imperial Age
RankedLock teamsTeams togetherTeam positionsShared explorationLock speedFull tech treeHidden civsTurbo modeCheats
Victory
Defeat
🇧🇪 Huns · Belgium
549
+15
🇺🇸 Britons · United States
534
-15
Cbear
2:31 Loom
10:48 Feudal Age
11:56 Horse Collar
15:01 Double-Bit Axe
19:31 Wheelbarrow
23:45 Castle Age
25:13 Stone Mining
27:04 Heavy Plow
28:45 Squires
31:41 Bow Saw
37:24 Imperial Age
35:01 Gambesons
36:29 Gold Mining
36:43 Padded Archer Armor
36:34 Fletching
36:45 Pikeman
38:53 Fortified Wall
39:04 Ballistics
38:47 Halberdier
40:42 Gold Shaft Mining
40:38 Halberdier
42:31 Halberdier
dodosh
9:44 Loom
12:28 Feudal Age
18:44 Castle Age
17:50 Double-Bit Axe
17:50 Horse Collar
18:07 Gold Mining
18:38 Stone Mining
21:14 Wheelbarrow
21:56 Bow Saw
23:56 Hand Cart
26:46 Forging
26:41 Scale Barding Armor
27:40 Gold Shaft Mining
27:28 Heavy Plow
31:22 Imperial Age
30:07 Husbandry
30:17 Bloodlines
30:10 Marauders
30:18 Loom
30:20 Town Watch
31:20 Iron Casting
31:06 Chain Barding Armor
33:16 Blast Furnace
35:21 Two-Man Saw
35:23 Plate Barding Armor
34:12 Elite Tarkan
35:19 Conscription
36:15 Scale Mail Armor
36:16 Padded Archer Armor
36:06 Fletching
38:20 Man-at-Arms
39:02 Squires
38:48 Arson
39:22 Chain Mail Armor
Connection lost

Rejoining the realm…

Still unreachable

The connection could not be restored.

Session expired

The server has moved on; the page needs a fresh start.